cohdb
Replays
Latest Replays
All Replays
Popular Replays
Top Player Replays
Match Explorer
How It Works
Community
CoH3 Stats
Reddit
Sign in to upload your games and track your stats! →
Sign in with Steam
Match 42977067
Unlisted
Match 42977067
Overview
Messages
Build Orders
End
Vickers Machine Gun Team
Construct Section Command Post
Vickers Machine Gun Team
Selects Canadian Shock Battlegroup
Infantry Section
Grenade Package
Selects Offensive Resupply
Selects Canadian Shock Section
Canadian Shock Section
Construct Platoon Command Post
6-pounder Anti-tank Gun Team
Humber Armored Car
Construct Field Infirmary
Humber Armored Car
Selects Burnout
Canadian Shock Section
Humber Armored Car
Humber Armored Car
Burnout
Selects Pyrotechnics
Selects Smoke Operation
Burnout
Canadian Shock Section
Construct Company Command Post
Foot Guards Section
Unlock M3 Grant Medium Tanks
M3 Grant Medium Tank
Skibana
Tok3n x Operator
King Bug$plat
A'lil _Off
Baba Yaga
HANS
霸气登场
Valdimor
0
0
Comments
sign in to comment!
No comments posted yet!